 Dungeon Crawl Stone Soup version 0.23.2-33-g5129a83184 (webtiles) character file.

Game seed: 5841509854652998334

1626 kae the Cleaver (level 8, -4/75 HPs)
             Began as a Hill Orc Fighter on June 26, 2019.
             Was a Believer of Beogh.
             Killed from afar by Dowan (12 damage)
             ... with a shard of ice
             ... on level 6 of the Dungeon.
             The game lasted 00:04:06 (5072 turns).

kae the Cleaver (Hill Orc Fighter)                  Turns: 5072, Time: 00:04:07

Health: -4/75      AC:  9    Str: 26    XL:     8   Next: 97%
Magic:  8/8        EV:  7    Int:  8    God:    Beogh [**....]
Gold:   73         SH:  9    Dex: 10    Spells: 7/7 levels left

rFire    + . .     SeeInvis .   a - +0 war axe
rCold    + . .     Gourm    .   c - +0 shield
rNeg     . . .     Faith    .   b - +1 scale mail
rPois    +         Spirit   .   (no helmet)
rElec    +         Reflect  .   o - +0 cloak
rCorr    +         Harm     .   (no gloves)
MR       .....                  (no boots)
Stlth    ..........             (no amulet)
HPRegen  0.22/turn              (no ring)
MPRegen  0.11/turn              (no ring)

@: mighty, resistant
A: no striking features
a: Smiting, Renounce Religion


You were on level 6 of the Dungeon.
You worshipped Beogh.
Beogh was pleased with you.
You were hungry.

You visited 1 branch of the dungeon, and saw 6 of its levels.

You collected 233 gold pieces.
You spent 160 gold pieces at shops.

Inventory:

Hand Weapons
 a - a +0 war axe (weapon)
Armour
 b - a +1 scale mail (worn)
 c - a +0 shield (worn)
 o - a +0 cloak (worn)
Jewellery
 h - an uncursed amulet of regeneration
Wands
 s - a wand of iceblast (3)
Scrolls
 g - 5 scrolls of teleportation
 k - 3 scrolls of enchant weapon {unknown}
 n - 2 scrolls of blinking
 q - a scroll of enchant armour
Potions
 d - 3 potions of might
 e - 7 potions of flight
 j - a potion of agility {unknown}
 l - 2 potions of berserk rage
 m - 2 potions of lignification
 p - 2 potions of curing {unknown}
 r - a potion of invisibility
 t - a potion of haste {unknown}
Comestibles
 f - 8 rations


   Skills:
 + Level 8.4 Fighting
 * Level 11.7 Axes
 - Level 3.2 Armour
 - Level 3.2 Shields


You had 7 spell levels left.
You didn't know any spells.
Your spell library contained the following spells:

 Spells                   Type           Power        Failure   Level  Hunger
 Flame Tongue             Conj/Fire      #....        99%         1    ##.....
 Throw Flame              Conj/Fire      #.....       100%        2    ###....
 Conjure Flame            Conj/Fire      #.......     100%        3    ####...
 Inner Flame              Hex/Fire       #.......     100%        3    ####...
 Sticky Flame             Conj/Fire      #.......     100%        4    #####..
 Fireball                 Conj/Fire      #.........   100%        5    ######.


Dungeon Overview and Level Annotations

Branches:
Dungeon (6/15)             Temple (0/1) D:5

Altars:
Dithmenos
Nemelex Xobeh
Trog
Uskayaw
Vehumet
Wu Jian
Xom

Shops:
D:5 !

Annotations:
D:6 Dowan


Message History

You kill the orc!
Beogh accepts your kill.
You slash Dowan!
Dowan is moderately wounded.
Dowan mumbles some strange words.
Dowan blinks!
You slash Duvessa!
Duvessa is moderately wounded.
You slash Duvessa!
Duvessa is severely wounded.
You block Duvessa's attack. Duvessa hits you with a +0 rapier.
* * * LOW HITPOINT WARNING * * *
You slash Duvessa!
You kill Duvessa!
Beogh accepts your kill.
You can now smite your foes.
Dowan's eyes darken. "You have made a black mistake."
Dowan seems to find hidden reserves of power!
Dowan gestures at you while chanting. The shard of ice hits you!
You partially resist.
You die...

#.......# . #.......#
.[ #.......# ...
#.......# ....
#.......## .....
#........#
......#........#
.....e)@.......######
......#.............#
.....
#####.##......####
.... #.##..........
...
.####..#......###. ..
.............### #. .
####.........## #.
#..........# #.
#..........## #.


You could see Dowan.

Vanquished Creatures
  A gargoyle (D:6)
  Duvessa (D:6)
  An ice beast (D:5)
  An ogre (D:4)
  A centaur (D:5)
  2 bullfrogs (D:6)
  2 scorpions
  3 howler monkeys
  2 crimson imps
  An orc priest (D:6)
  2 hounds
  A jelly (D:5)
  A centaur skeleton (D:4)
  4 orc wizards
  4 worker ants
  7 adders
  A shadow imp (D:6)
  An ooze (D:2)
  An adder skeleton (D:5)
  A dart slug (D:2)
  2 leopard geckos
  22 orcs
  2 ball pythons
  6 bats
  4 giant cockroaches
  4 goblins
  8 hobgoblins
  11 jackals
  2 quokkas
  3 frilled lizards
  A jackal zombie (D:5)
  8 kobolds
  6 rats
117 creatures vanquished.

Notes
Turn   | Place    | Note
-------+----------+-------------------------------------------
     0 | D:1      | kae the Hill Orc Fighter began the quest for the Orb.
     0 | D:1      | Reached XP level 1. HP: 19/19 MP: 1/1
     8 | D:1      | Reached skill level 3 in Axes
    31 | D:1      | Reached XP level 2. HP: 14/27 MP: 2/2
   409 | D:1      | Reached skill level 4 in Axes
   511 | D:1      | Reached XP level 3. HP: 27/33 MP: 3/3
   915 | D:2      | Reached XP level 4. HP: 27/41 MP: 4/4
  1272 | D:2      | Reached skill level 5 in Axes
  1947 | D:3      | Became a worshipper of Beogh the Brigand
  1995 | D:3      | Found an ornate altar of the Wu Jian Council.
  2313 | D:3      | Reached XP level 5. HP: 47/47 MP: 5/5
  2768 | D:4      | Noticed an ogre
  2778 | D:4      | Killed an ogre
  2778 | D:4      | Reached skill level 5 in Fighting
  2778 | D:4      | Reached skill level 6 in Axes
  2829 | D:4      | Reached XP level 6. HP: 49/56 MP: 6/6
  2858 | D:4      | Found a radiant altar of Vehumet.
  2862 | D:4      | You fall through a shaft!
  2862 | D:5      | Entered Level 5 of the Dungeon
  2872 | D:5      | Reached skill level 7 in Axes
  2905 | D:5      | Found a staircase to the Ecumenical Temple.
  3013 | D:4      | Found a shimmering altar of Xom.
  3706 | D:5      | Found a shadowy altar of Dithmenos.
  3716 | D:5      | Reached XP level 7. HP: 56/63 MP: 7/7
  3736 | D:5      | Reached skill level 8 in Axes
  3754 | D:5      | Noticed a +0 dagger
  3754 | D:5      | Noticed a +0 dagger
  3755 | D:5      | Found a hide-covered altar of Uskayaw.
  3974 | D:5      | Found a bloodstained altar of Trog.
  3986 | D:5      | Reached * piety under Beogh
  3994 | D:5      | Found Vextysk's Distillery.
  4013 | D:5      | Reached skill level 9 in Axes
  4341 | D:5      | Bought a potion of degeneration for 10 gold pieces
  4341 | D:5      | Bought a potion of lignification for 30 gold pieces
  4341 | D:5      | Bought a potion of invisibility for 80 gold pieces
  4341 | D:5      | Bought a potion of might for 40 gold pieces
  4610 | D:6      | Found a radiant altar of Vehumet.
  4620 | D:6      | Reached XP level 8. HP: 73/73 MP: 8/8
  4648 | D:6      | Reached skill level 10 in Axes
  4981 | D:6      | Found a sparkling altar of Nemelex Xobeh.
  5049 | D:6      | Noticed Dowan
  5050 | D:6      | Noticed a gargoyle
  5052 | D:6      | Noticed Duvessa
  5067 | D:6      | Killed a gargoyle
  5067 | D:6      | Reached skill level 11 in Axes
  5072 | D:6      | Killed Duvessa
  5072 | D:6      | Reached ** piety under Beogh
  5072 | D:6      | Killed from afar by Dowan

Skill      XL: |  1  2  3  4  5  6  7  8 |
---------------+-------------------------+-----
Axes           | 3 4 5 6 7 9 11 | 11.7
Fighting       | 4 5 6 7 8 |  8.4
Armour         | |  3.2
Shields        | |  3.2

Action                   |  1- 3 |  4- 6 |  7- 9 || total
-------------------------+-------+-------+-------++-------
Melee: War axe           |   111 |   145 |   150 ||   406
Invok: Convert to Beogh  |       |     1 |       ||     1
  Use: Scroll            |     5 |     5 |       ||    10
       Potion            |       |       |     2 ||     2
  Eat: Chunk             |       |     8 |     5 ||    13
Armor: Scale mail        |    59 |    57 |    50 ||   166
Dodge: Dodged            |    60 |    36 |    33 ||   129
Block: Shield            |    80 |    70 |    75 ||   225
